 Dungeon Crawl Stone Soup version 0.28-a0-1159-g27aa881441 (webtiles) character file.

Game seed: 15156258571321006369

136150 Fortus the Peltast (level 16, 0/96 (122) HPs)
             Began as a Demonspawn Berserker on Dec 15, 2021.
             Was an Elder of Trog.
             Slain by the 27-headed Lernaean hydra (3 damage)
             ... on level 4 of the Swamp.
             The game lasted 01:29:21 (32125 turns).

Fortus the Peltast (Demonspawn Berserker)          Turns: 32125, Time: 01:29:23

HP:   0/96 (122)    AC: 22    Str: 24    XL:     16   Next: 66%
MP:   16/16         EV:  7    Int: 13    God:    Trog [****..]
Gold: 1174          SH: 31    Dex: 12    Spells: 15/15 levels left

rFire   + . .      SeeInvis .   q - +7 broad axe (flame)
rCold   + + .      Faith    .   Y - +6 tower shield {rC+}
rNeg    . . .      Spirit   .   o - +2 chain mail {Will+}
rPois   +          Reflect  +   (helmet restricted)
rElec   +          Harm     .   Z - +2 cloak {rC+}
rCorr   .          Rampage  .   H - +0 pair of gloves
Will    ++...      Clarity  +   s - +0 pair of boots
Stlth   ..........              L - amulet of reflection
HPRegen 0.26/turn               k - ring of protection from cold
MPRegen 0.15/turn               U - ring "Vuashup" {Fire rPois Int+2}

@: heavily drained
A: horns 2, thin metallic scales 3, foul stench 3, powered by pain 1, talons 1,
clarity
a: Renounce Religion, Berserk, Trog's Hand, Brothers in Arms


You were on level 4 of the Swamp.
You worshipped Trog.
Trog was greatly pleased with you.
You visited 4 branches of the dungeon, and saw 27 of its levels.
You also visited: Sewer, Ossuary, Bailey and Ice Cave.

You collected 3217 gold pieces.
You spent 2043 gold pieces at shops.

Inventory:

Hand Weapons
 q - a +7 broad axe of flaming (weapon)
 t - the +14 obsidian axe {vorpal, Mesm Drain Fly SInv}
   (You bought it in a shop on level 11 of the Dungeon)

   It inflicts extra damage upon your enemies.
   It occasionally summons demons to assist the wielder when it strikes in
   combat.
   Its wielder is mesmerised by any visible foes.
   It cannot be unequipped while any foes are visible.
   SInv:      It lets you see invisible.
   Fly:       It grants you flight.
   Drain:     It drains your maximum health when unequipped.
Armour
 i - +0 swamp dragon scales
 l - a +1 scale mail of fire resistance
 n - a +1 plate armour of cold resistance
 o - a +2 chain mail of willpower (worn)
 s - a +0 pair of boots (worn)
 H - a +0 pair of gloves (worn)
 Y - a +6 tower shield of cold resistance (worn)
 Z - a +2 cloak of cold resistance (worn)
Jewellery
 b - a ring of resist corrosion
 c - an amulet of regeneration
 k - a ring of protection from cold (left hand)
 C - a ring of protection from cold
 K - a ring of fire
 L - an amulet of reflection (around neck)
 N - a ring of poison resistance
 U - the ring "Vuashup" (right hand) {Fire rPois Int+2}
   (You found it on level 13 of the Dungeon)

   [ring of fire]

   It enhances your fire magic.
   Int:       It affects your intelligence (+2).
   rF:        It protects you from fire.
   rC:        It makes you vulnerable to cold.
   rPois:     It protects you from poison.
Wands
 d - a wand of paralysis (26)
 u - a wand of acid (14)
 Q - a wand of iceblast (5)
 S - a wand of flame (26)
 T - a wand of digging (16)
 X - a wand of mindburst (25)
Scrolls
 a - 2 scrolls of vulnerability
 e - 2 scrolls of immolation
 f - 7 scrolls of magic mapping
 g - 3 scrolls of holy word
 h - 8 scrolls of teleportation
 v - a scroll of brand weapon
 y - a scroll of silence
 z - 3 scrolls of enchant weapon
 E - 7 scrolls of fear
 F - 2 scrolls of fog
 G - 9 scrolls of identify
 I - 2 scrolls of blinking
 R - 2 scrolls of torment
Potions
 j - 8 potions of attraction
 m - 11 potions of curing
 p - 3 potions of might
 r - 2 potions of invisibility
 w - 6 potions of cancellation
 A - a potion of resistance
 D - 3 potions of heal wounds
 J - 2 potions of haste
 M - 2 potions of ambrosia
 P - a potion of magic


   Skills:
 - Level 10.0 Fighting
 - Level 18.0 Axes
 - Level 6.2 Armour
 - Level 1.7 Dodging
 * Level 19.0 Shields


You had 15 spell levels left.
You didn't know any spells.
Your spell library was empty.

Dungeon Overview and Level Annotations

Branches:
Dungeon (15/15)            Temple (0/1) D:5            Lair (6/6) D:10
  Swamp (4/4) Lair:2       Spider (0/4) Lair:2        Slime (0/5) Lair:5
    Orc (2/2) D:12            Elf (0/3) Orc:2        Vaults (0/5) D:13
 Depths (0/4) D:15          Sewer (visited)         Ossuary (visited)
 Bailey (visited)           IceCv (visited)

Altars:
Ashenzari
Elyvilon
Gozag
Jiyva

Shops:
D:4 *   D:9 *   D:11 (   Orc:2 [(=?*![[*

Annotations:
D:9 2 transporters, exclusion: oklob plant, fritzmikael's ghost, novice DjFE
Swamp:4 Lernaean hydra


Innate Abilities, Weirdness & Mutations

You have a pair of horns on your head.
You are completely covered in thin metallic scales. (AC +4, rElec)
You frequently emit foul miasma when damaged in melee.
You sometimes gain a little power by taking damage.
You have sharp toenails.
You possess an exceptional clarity of mind.


Message History

The 27-headed Lernaean hydra bites you but does no damage.
The 27-headed Lernaean hydra barely misses you.
The 27-headed Lernaean hydra bites you but does no damage. x2
You block the 27-headed Lernaean hydra's attack.
The 27-headed Lernaean hydra bites you!
The 27-headed Lernaean hydra bites you but does no damage.
The 27-headed Lernaean hydra closely misses you.
The 27-headed Lernaean hydra bites you.
The 27-headed Lernaean hydra bites you but does no damage. x4
The 27-headed Lernaean hydra closely misses you.
The 27-headed Lernaean hydra bites you but does no damage. x3
The 27-headed Lernaean hydra bites you!
The 27-headed Lernaean hydra is engulfed in dark miasma.
There is a stone staircase leading up here.
The 27-headed Lernaean hydra bites you but does no damage.
You block the 27-headed Lernaean hydra's attack.
The 27-headed Lernaean hydra closely misses you.
You block the 27-headed Lernaean hydra's attack. x2
The 27-headed Lernaean hydra bites you but does no damage.
The 27-headed Lernaean hydra completely misses you.
The 27-headed Lernaean hydra bites you!
* * * LOW HITPOINT WARNING * * *
The 27-headed Lernaean hydra barely misses you.
You block the 27-headed Lernaean hydra's attack.
The 27-headed Lernaean hydra bites you but does no damage.
The 27-headed Lernaean hydra barely misses you.
The 27-headed Lernaean hydra bites you.
* * * LOW HITPOINT WARNING * * *
You emit a cloud of foul miasma!
The 27-headed Lernaean hydra bites you!
* * * LOW HITPOINT WARNING * * *
The 27-headed Lernaean hydra bites you but does no damage. x3
You block the 27-headed Lernaean hydra's attack.
The 27-headed Lernaean hydra bites you.
* * * LOW HITPOINT WARNING * * *
The 27-headed Lernaean hydra bites you but does no damage.
The 27-headed Lernaean hydra bites you!
* * * LOW HITPOINT WARNING * * *
The 27-headed Lernaean hydra bites you but does no damage.
The 27-headed Lernaean hydra bites you.
You die...

♣♣♣ ♣..≈♣ ♣♣♣♣ ..♣♣♣≈≈.♣♣
♣♣♣..♣♣♣♣♣ ≈≈≈.♣.≈≈≈♣
♣.≈≈≈.♣≈≈♣ .≈♣♣.....♣
♣.≈≈.≈...♣♣ ...♣.≈..≈♣
♣♣≈≈♣≈≈≈.≈♣ .≈..≈≈≈.♣♣
♣♣♣♣≈§≈.♣♣ .≈≈.§≈≈§≈♣
♣♣♣♣♣ ♣≈≈§§≈♣
.<≈≈≈≈≈≈.♣♣♣♣≈.≈♣♣♣..≈.♣♣
...≈≈≈≈....♣♣≈≈.@.≈≈§≈≈.♣
.:.≈≈≈≈..≈≈≈♣≈≈≈D...≈≈≈.♣
.≈<≈..♣♣♣.≈....≈≈.....≈♣♣
♣♣.§≈.♣♣♣..≈..≈≈≈○§≈..♣♣
♣♣≈≈.♣♣♣.....≈≈≈≈.≈≈§.♣
♣♣.≈≈♣ ♣♣§...≈≈≈≈°≈§≈≈♣
♣♣♣♣♣ ♣♣.≈≈≈≈≈≈.[..♣♣
♣♣..≈≈≈§≈.≈♣♣♣♣
♣≈..≈≈≈≈≈.§♣♣


You could see the 27-headed Lernaean hydra.

Vanquished Creatures
  Gastronok (D:12)
  A fenstrider witch (Swamp:1)
  A ghost moth (shapeshifter) (D:13)
  A reaper (IceCv)
  The ghost of Muehemp the Carver, a journeyman MiBe of Trog (Lair:5)
  The ghost of flt the Thrower, a journeyman OgHu of Fedhas (Lair:2)
  3 eleionomae
  The ghost of BinkBink the Carver, a journeyman MiMo of Dithmenos (Orc:2)
  Fannar (D:10)
  An ice dragon (Lair:6)
  10 hydras
  A boulder beetle (Lair:6)
  2 ogre magi
  A spriggan air mage (Swamp:1)
  2 ghost crabs
  A centaur warrior (D:13)
  6 alligators
  15 two-headed ogres
  2 death yaks (Lair:6)
  2 spriggan berserkers
  8 spriggans
  2 orc high priests (Bailey)
  4 tengu warriors
  Sonja (D:10)
  The ghost of Froggeryz the Cleaver, a novice PaBe of Trog (D:7)
  4 goliath frogs
  3 spriggan druids
  4 swamp dragons
  2 wizards (D:15)
  A deep elf pyromancer (D:15)
  A necromancer (D:15)
  3 lindwurms (Lair:6)
  A phantasmal warrior (D:13)
  2 orc knights (D:15)
  A manticore (D:14)
  An orc sorcerer (D:15)
  3 cyclopes
  2 deep elf zephyrmancers (D:15)
  14 ugly things
  2 will-o-the-wisps
  6 elephants (Lair:6)
  A naga mage (D:15)
  8 black mambas
  An ice statue (IceCv)
  A gargoyle (D:12)
  A redback zombie (D:15)
  6 torpor snails (Lair:6)
  Maggie (D:10)
  9 cane toads
  An efreet (D:14)
  3 rime drakes (Lair:4)
  2 tengu conjurers
  10 komodo dragons
  3 entropy weaver simulacra (IceCv)
  7 trolls
  10 polar bears
  9 tyrant leeches
  2 polar bears (shapeshifter)
  15 hornets
  A slime creature (D:13)
  20 blink frogs
  3 raiju (Lair:6)
  6 dream sheep (Lair:6)
  62 yaks
  A vampire (D:12)
  2 wraiths
  3 wyverns
  2 basilisks
  3 death yak simulacra (IceCv)
  A steam dragon (D:7)
  7 vampire mosquitoes
  3 harpy simulacra
  5 wargs
  11 swamp worms
  23 water moccasins
  9 hell hounds (Lair:6)
  2 sky beasts
  25 orc warriors
  14 black bears
  3 ice beasts (D:7)
  6 swamp drakes
  9 centaurs
  18 ogres
  26 wolves
  A kobold brigand (D:11)
  A bullfrog (shapeshifter) (D:15)
  16 scorpions
  2 two-headed ogre simulacra (IceCv)
  8 bullfrogs
  2 gnoll sergeants
  2 cane toad simulacra (IceCv)
  2 water moccasin zombies (D:6)
  A water moccasin skeleton (D:4)
  3 killer bees (D:11)
  3 elephant simulacra (IceCv)
  3 wights (D:11)
  4 howler monkeys
  4 electric eels (Bailey)
  2 bullfrog zombies
  4 centaur zombies
  A human zombie (Ossuary)
  A jelly (D:7)
  8 orc priests
  3 centaur skeletons
  3 hounds
  3 iguanas
  Ijyb (D:3)
  12 orc wizards
  4 scorpion zombies (Ossuary)
  2 polar bear simulacra (IceCv)
  3 troll simulacra (IceCv)
  9 spriggan simulacra (IceCv)
  3 wolf simulacra (IceCv)
  3 centaur simulacra
  3 mummies (Ossuary)
  A howler monkey zombie (D:7)
  7 adders
  16 gnolls
  5 naga simulacra (IceCv)
  20 white imps
  A howler monkey simulacrum (D:7)
  7 ufetubi
  7 worms
  A dart slug (D:4)
  51 orcs
  9 bats
  10 endoplasms
  9 giant cockroaches
  17 goblins
  12 hobgoblins
  10 jackals
  4 quokkas
  9 ball pythons
  5 frilled lizards
  3 gnoll zombies (Ossuary)
  A goblin zombie (Ossuary)
  2 hobgoblin zombies (Ossuary)
  12 kobolds
  2 kobold zombies (Ossuary)
  4 orc zombies (Ossuary)
  8 rats
  4 bushes (D:14)
829 creatures vanquished.

Vanquished Creatures (collateral kills)
  An eleionoma (Swamp:2)
  A bunyip (Swamp:2)
  A rakshasa (D:14)
  A spriggan air mage (Swamp:1)
  4 hydras
  3 ogre magi (Orc:2)
  2 two-headed ogres (Orc:2)
  2 alligators
  A death drake (Swamp:1)
  A swamp dragon (Swamp:4)
  An orc sorcerer (Orc:1)
  2 ugly things (D:14)
  A cane toad (Lair:6)
  A rime drake (Lair:6)
  A bloated husk (Swamp:3)
  A raiju (Lair:6)
  2 tyrant leeches
  3 slime creatures (D:13)
  A yak (Lair:6)
  A basilisk (D:13)
  2 swamp worms
  4 hell hounds (Lair:6)
  2 orc warriors
  6 ogres (Orc:2)
  6 wolves (Lair:6)
  2 orc priests (Orc:1)
  An orc wizard (Orc:2)
  8 orcs
  3 bushes (D:14)
65 creatures vanquished.

Vanquished Creatures (others)
  Aizul (Swamp:3)
  A will-o-the-wisp (Swamp:3)
  A bloated husk (Swamp:1)
  A swamp worm (Swamp:1)
  A butterfly (D:14)
  16 foxfires
  44 fungi
  85 plants
150 creatures vanquished.

Grand Total: 1044 creatures vanquished

Notes
Turn   | Place    | Note
-------+----------+-------------------------------------------
     0 | D:1      | Fortus the Demonspawn Berserker began the quest for the
                  | Orb.
     0 | D:1      | Reached XP level 1. HP: 18/18 MP: 1/1
   334 | D:1      | Gained mutation: You are partially covered in thin metallic
                  | scales. (AC +2) [demonic ancestry]
   334 | D:1      | Reached XP level 2. HP: 24/24 MP: 2/2
   910 | D:2      | Gained mutation: You may rarely emit foul miasma when
                  | damaged in melee. [demonic ancestry]
   910 | D:2      | Reached XP level 3. HP: 29/29 MP: 3/3
   967 | D:2      | Found a faded altar of an unknown god.
  1095 | D:2      | Reached ** piety under Trog
  1303 | D:2      | Reached XP level 4. HP: 19/35 MP: 4/4
  2133 | D:3      | Reached skill level 5 in Axes
  2184 | D:3      | Noticed Ijyb
  2184 | D:3      | Paralysed by Ijyb for 6 turns
  2192 | D:3      | Gained mutation: You are mostly covered in thin metallic
                  | scales. (AC +3) [demonic ancestry]
  2192 | D:3      | Reached XP level 5. HP: 41/41 MP: 5/5
  2192 | D:3      | Paralysed by Ijyb for 4 turns
  2203 | D:3      | Killed Ijyb
  2757 | D:4      | Reached skill level 1 in Shields
  2824 | D:4      | Found Kupuwup's Elemental Accessories.
  2883 | D:4      | Gained mutation: You have a pair of small horns on your
                  | head. [demonic ancestry]
  2883 | D:4      | Reached XP level 6. HP: 21/47 MP: 6/6
  3184 | D:4      | Reached skill level 2 in Shields
  3254 | D:4      | Reached *** piety under Trog
  3672 | D:5      | Entered Level 5 of the Dungeon
  3816 | D:5      | Noticed a water moccasin
  3824 | D:5      | Killed a water moccasin
  3825 | D:5      | Reached skill level 3 in Shields
  3825 | D:5      | Gained mutation: You are completely covered in thin
                  | metallic scales. (AC +4, rElec) [demonic ancestry]
  3825 | D:5      | Reached XP level 7. HP: 52/52 MP: 7/7
  4202 | D:5      | Found a staircase to the Ecumenical Temple.
  4216 | D:5      | Found a sand-covered staircase.
  4224 | Ossuary  | Entered an ossuary
  4422 | Ossuary  | Reached skill level 4 in Shields
  4679 | Ossuary  | Reached XP level 8. HP: 58/58 MP: 8/8
  5172 | D:5      | Reached **** piety under Trog
  6176 | D:6      | Gained mutation: You have a pair of horns on your head.
                  | [demonic ancestry]
  6176 | D:6      | Reached XP level 9. HP: 37/64 MP: 9/9
  6470 | D:6      | Found a glowing drain.
  6492 | Sewer    | Entered a sewer
  7153 | D:6      | Identified the +4 dagger of Karma {vorpal, Will+ Int+3}
  7190 | D:6      | Reached ***** piety under Trog
  7844 | D:7      | Reached skill level 5 in Armour
  7860 | D:7      | Reached skill level 10 in Axes
  8166 | D:7      | Found a runed translucent gate.
  8166 | D:7      | Found a runed translucent gate.
  8173 | D:7      | Found a runed translucent gate.
  8271 | D:7      | Noticed Froggeryz's ghost (novice PaBe)
  8464 | D:7      | Killed Froggeryz's ghost
  8465 | D:7      | Reached skill level 5 in Fighting
  8560 | D:7      | Gained mutation: You passively map a small area around you.
                  | [potion of mutation]
  8560 | D:7      | Gained mutation: Your flesh is cold resistant. (rC+)
                  | [potion of mutation]
  8580 | D:8      | Reached XP level 10. HP: 71/74 MP: 10/10
  8683 | D:8      | Found a broken altar of Ashenzari.
  8875 | D:8      | Found a flagged portal.
  8884 | Bailey   | Entered a bailey
  9031 | Bailey   | Found an iron altar of Okawaru.
  9031 | Bailey   | Noticed an orc high priest
  9031 | Bailey   | Noticed an orc high priest
  9037 | Bailey   | Identified the +7 quick blade "Iruqukhir" {vorpal, rElec
                  | Str+3} (Trog gifted it to you in a bailey)
  9037 | Bailey   | Received a gift from Trog
  9050 | Bailey   | Killed an orc high priest
  9052 | Bailey   | Killed an orc high priest
 10222 | Bailey   | Identified the +3 hand crossbow "Jagheqih" {vorpal, Drain
                  | rF+++ rCorr Stlth-}
 10228 | Bailey   | Acquired a +4 broad axe of flaming
 10231 | Bailey   | Acquired a +2 kite shield of protection
 10408 | D:8      | Reached XP level 11. HP: 74/84 MP: 11/11
 10912 | D:9      | Noticed a boulder beetle
 10914 | D:9      | Found a transporter.
 10920 | D:9      | Found a transporter.
 10926 | D:9      | Noticed a red ugly thing
 11001 | D:9      | Noticed an oklob plant
 11016 | D:9      | Reached skill level 5 in Shields
 11032 | D:9      | Noticed a two-headed ogre
 11034 | D:9      | Noticed fritzmikael's ghost (novice DjFE)
 11040 | D:9      | Killed a two-headed ogre
 11221 | D:9      | Found Molem's Assorted Antiques.
 11228 | D:9      | Bought a potion of heal wounds for 145 gold pieces
 11658 | D:10     | Entered Level 10 of the Dungeon
 11740 | D:10     | Noticed Fannar
 11761 | D:10     | Killed Fannar
 11792 | D:10     | Noticed Maggie
 11800 | D:10     | Killed Maggie
 11984 | D:10     | Reached skill level 6 in Shields
 12094 | D:10     | Noticed Sonja
 12110 | D:10     | Killed Sonja
 12294 | D:10     | Received a gift from Trog
 12711 | D:10     | Found a staircase to the Lair.
 12840 | Lair:1   | Entered Level 1 of the Lair of Beasts
 13040 | Lair:1   | Reached XP level 12. HP: 91/91 MP: 12/12
 13231 | Lair:1   | Found a frozen archway.
 13248 | IceCv    | Entered an ice cave
 13275 | IceCv    | Reached skill level 7 in Shields
 13565 | IceCv    | Received a gift from Trog
 14299 | IceCv    | Noticed a reaper
 14309 | IceCv    | Reached skill level 15 in Axes
 14313 | IceCv    | Killed a reaper
 14717 | Lair:1   | Lost mutation: Your flesh is cold resistant. (rC+) [potion
                  | of mutation]
 14717 | Lair:1   | Gained mutation: You are covered in fur. (AC +1) [potion of
                  | mutation]
 14881 | Lair:2   | Found a hole to the Spider Nest.
 14892 | Lair:2   | Received a gift from Trog
 14930 | Lair:2   | Noticed a four-headed hydra
 14939 | Lair:2   | Killed a one-headed hydra
 14940 | Lair:2   | Reached skill level 8 in Shields
 15394 | Lair:2   | Found a large runed translucent door.
 15395 | Lair:2   | Found a large runed translucent door.
 15397 | Lair:2   | Noticed flt's ghost (journeyman OgHu)
 15696 | Lair:2   | Noticed a six-headed hydra
 15697 | Lair:2   | Noticed a six-headed hydra
 15705 | Lair:2   | Killed a three-headed hydra
 15710 | Lair:2   | Killed a four-headed hydra
 15942 | Lair:2   | Found a staircase to the Swamp.
 16420 | Lair:2   | Killed flt's ghost
 16607 | Lair:3   | Reached XP level 13. HP: 96/96 MP: 13/13
 16699 | Lair:3   | Reached skill level 9 in Shields
 17699 | Lair:4   | You fall into a shaft and drop 2 floors!
 17699 | Lair:6   | Entered Level 6 of the Lair of Beasts
 17917 | Lair:6   | Received a gift from Trog
 18287 | Lair:6   | Reached skill level 10 in Shields
 19057 | Lair:6   | Gained mutation: You sometimes gain a little power by
                  | taking damage. [demonic ancestry]
 19057 | Lair:6   | Reached XP level 14. HP: 92/103 MP: 14/14
 19268 | Lair:6   | Reached skill level 11 in Shields
 19341 | Lair:6   | Found a runed translucent door.
 20021 | Lair:6   | Reached skill level 12 in Shields
 20412 | Lair:6   | Lost mutation: You are covered in fur. (AC +1) [potion of
                  | mutation]
 20412 | Lair:6   | Lost mutation: You passively map a small area around you.
                  | [potion of mutation]
 20412 | Lair:6   | Gained mutation: You possess an exceptional clarity of
                  | mind. [potion of mutation]
 20412 | Lair:6   | Gained mutation: You have sharp toenails. [potion of
                  | mutation]
 20831 | Lair:5   | Reached ****** piety under Trog
 20942 | Lair:5   | Found a runed translucent gate.
 20942 | Lair:5   | Found a runed translucent gate.
 21003 | Lair:5   | Found a runed translucent gate.
 21012 | Lair:5   | Noticed Muehemp's ghost (journeyman MiBe)
 21180 | Lair:5   | Found a viscous altar of Jiyva.
 21180 | Lair:5   | Found a staircase to the Slime Pits.
 21279 | Lair:5   | Killed Muehemp's ghost
 21546 | Lair:4   | Identified the ring of the Morning {Wiz Dex+2}
 21874 | Lair:4   | Received a gift from Trog
 22514 | D:11     | Found Woughini's Antique Weapon Shop.
 23358 | D:11     | Bought the +14 obsidian axe {vorpal, Mesm Drain Fly SInv}
                  | for 1674 gold pieces
 23358 | D:11     | Found the +14 obsidian axe {vorpal, Mesm Drain Fly SInv}
 23398 | D:12     | Found a staircase to the Orcish Mines.
 23441 | D:12     | Noticed Gastronok
 23453 | D:12     | Killed Gastronok
 23454 | D:12     | Reached skill level 13 in Shields
 24209 | D:13     | Identified the ring "Vuashup" {Fire rPois Int+2}
 24253 | D:13     | Noticed a ghost moth
 24253 | D:13     | a bunyip changed into a ghost moth
 24259 | D:13     | Killed a ghost moth
 24260 | D:13     | Reached skill level 10 in Fighting
 24460 | D:13     | Found a gate to the Vaults.
 24940 | D:14     | Gained mutation: You sometimes emit foul miasma when
                  | damaged in melee. [demonic ancestry]
 24940 | D:14     | Reached XP level 15. HP: 115/115 MP: 15/15
 24967 | D:14     | Reached skill level 14 in Shields
 25344 | D:14     | Received a gift from Trog
 25727 | D:15     | Entered Level 15 of the Dungeon
 26020 | D:15     | Found an opulent altar of Gozag.
 26043 | D:15     | Reached skill level 15 in Shields
 26522 | D:15     | Found a staircase to the Depths.
 26644 | Orc:1    | Entered Level 1 of the Orcish Mines
 26720 | Orc:2    | Entered Level 2 of the Orcish Mines
 26814 | Orc:2    | Found Egges's Antique Armour Shop.
 26858 | Orc:2    | Found Uxkoicvu's Weapon Shop.
 26899 | Orc:2    | Found Fyungaappo's Magic Scroll Shoppe.
 26899 | Orc:2    | Found Suvodu's Assorted Antiques.
 26908 | Orc:2    | Found Woucem's Distillery.
 26908 | Orc:2    | Found Sotodd's Armour Emporium.
 26925 | Orc:2    | Reached skill level 16 in Shields
 27126 | Orc:2    | Bought a scroll of enchant armour for 112 gold pieces
 27126 | Orc:2    | Bought a scroll of enchant armour for 112 gold pieces
 27203 | Orc:2    | Found a staircase to the Elven Halls.
 27326 | Orc:2    | Found Icuicaz's Antique Armour Emporium.
 27331 | Orc:2    | Found Ricserph's General Store.
 27446 | Orc:2    | Found Eposu's Jewellery Shop.
 27461 | Orc:2    | Found a runed translucent door.
 27466 | Orc:2    | Noticed BinkBink's ghost (journeyman MiMo)
 27569 | Orc:2    | Killed BinkBink's ghost
 28309 | Swamp:1  | Entered Level 1 of the Swamp
 28734 | Swamp:1  | Noticed a fenstrider witch
 28737 | Swamp:1  | Reached skill level 17 in Shields
 28741 | Swamp:1  | Killed a fenstrider witch
 28742 | Swamp:1  | Gained mutation: You frequently emit foul miasma when
                  | damaged in melee. [demonic ancestry]
 28742 | Swamp:1  | Reached XP level 16. HP: 75/122 MP: 16/16
 30008 | Swamp:2  | Received a gift from Trog
 30278 | Swamp:2  | Reached skill level 18 in Shields
 30878 | Swamp:3  | Noticed Aizul
 30886 | Swamp:3  | Killed Aizul
 31494 | Swamp:4  | Entered Level 4 of the Swamp
 31695 | Swamp:4  | Noticed the 27-headed Lernaean hydra
 31974 | Swamp:4  | Reached skill level 19 in Shields
 32125 | Swamp:4  | HP: 3/96 [the 27-headed Lernaean hydra (7)]
 32125 | Swamp:4  | Slain by the 27-headed Lernaean hydra

Illustrated notes

Levels and vault maps discovered:
D:1:      nicolae_arrival_memento_mori, layout_loops_cross
D:2:      layout_basic, shapermc_ecumenical_altar_totnotflames,
          minmay_tiny_reverse_x
D:3:      layout_rooms, uniq_ijyb
D:4:      layout_gridville, nicolae_elemental_shop
D:5:      layout_loops_corners, minmay_temple_entry_butterflies,
          chequers_ossuary_entry_cave, grunt_ministairs_6,
          kennysheep_small_spiral
D:6:      layout_loops_ring, portal_sewer_entry_a
D:7:      layout_rooms, gammafunk_ghost_icy, nrook_uturn
D:8:      layout_basic, ashenzari_conservatory_becter, enter_bailey_8,
          minmay_misc_feat_alley, due_unseen_surprise
D:9:      layout_small_grid, serial_shops, nicolae_shop_advertising_works
          [nicolae_subvault_shop_adworks], nzn_ghost_randoct
D:10:     layout_rooms, grunt_lair_entry_orc_guard_hut, uniq_fannar,
          uniq_maggie, uniq_sonja
D:11:     layout_irregular_city, serial_shops, shop, serial_undead,
          serial_undead_a, serial_undead_f, serial_undead_d, serial_undead_d
D:12:     layout_roguey, special_room [special_room_orc], uniq_gastronok
D:13:     layout_cave_pods, david_vaults_4
D:14:     layout_big_octagon, minmay_misc_feat_cross,
          nicolae_elyvilon_peaceful_grove
D:15:     grunt_enter_depths_magical_seal, layout_rooms,
          nicolae_gozag_seed_capital
Lair:1:   layout_loops_ring, portal_ice_cave_entry_imps,
          infiniplex_staircase_pool_2
Lair:2:   layout_loops_ring, palyth_hydra_swamp_entry,
          nicolae_spider_entry_non_spiders, ebering_ghost_disaster_area,
          beast_lair_carwin_2
Lair:3:   layout_gridlike, grunt_megastairs_3
Lair:4:   layout_roguey, minmay_lair_drake_nest, lemuel_fruit_tree
Lair:5:   layout_roguey, dpeg_slime_entry_enclosed_altar,
          gauntlet_entry_generic, ebering_ghost_rock_garden
Lair:6:   hangedman_lair_caniforms_friends, layout_misc_corridors, wormcave,
          grunt_forest_small_clearings, serial_bayou_pond_b
Swamp:1:  layout_basic_swamp, nicolae_swamp_tree_designs, kb_tengu_band
Swamp:2:  layout_basic_swamp, hangedman_swamp_cone
Swamp:3:  layout_basic_swamp, evilmike_swamp_ruin_house_1, uniq_aizul
Swamp:4:  swamp_old_school, layout_basic_swamp
Orc:1:    layout_caves
Orc:2:    st_orc_ogre_mass, layout_caves, ebering_ghost_reflecting_pool,
          serial_shops, shop, shop, shop_statue, shop_fountains, shop,
          nicolae_orc_sculptors_studio

Skill      XL: |  1  2  3  4  5  6  7  8  9 10 11 12 13 14 15 16 |
---------------+-------------------------------------------------+-----
Axes           | 3 4 5 6 7 9 10 12 14 16 18 | 18.0
Shields        | 1 3 4 6 8 10 13 17 19 | 19.0
Armour         | 2 4 5 6 |  6.2
Fighting       | 5 7 10 | 10.0
Dodging        | |  1.7

Action                   |  1- 3 |  4- 6 |  7- 9 | 10-12 | 13-15 | 16-18 || total
-------------------------+-------+-------+-------+-------+-------+-------++-------
Melee: Hand axe          |   124 |   153 |   480 |    56 |       |       ||   813
       Headbutt          |       |     6 |   104 |   118 |   211 |    33 ||   472
       War axe           |       |       |       |    85 |       |       ||    85
       Broad axe         |       |       |       |   442 |   990 |   227 ||  1659
Invok: Berserk           |     2 |     4 |     7 |    11 |    18 |     5 ||    47
       Trog's Hand       |       |       |     1 |     2 |     9 |     2 ||    14
       Brothers in Arms  |       |       |       |     1 |     3 |     2 ||     6
Evoke: Wand              |       |       |       |       |       |     3 ||     3
  Use: Scroll            |       |       |    11 |     8 |    18 |     1 ||    38
       Potion            |       |       |     1 |     2 |     3 |     4 ||    10
 Stab: Distracted        |       |       |       |       |     6 |     1 ||     7
Armor: Scale mail        |    43 |    54 |       |       |       |       ||    97
       Animal skin       |     2 |       |       |       |       |       ||     2
       Chain mail        |       |    35 |   254 |   271 |   365 |   122 ||  1047
Dodge: Dodged            |    69 |    60 |   160 |   145 |   161 |    53 ||   648
Block: Buckler           |       |    10 |    99 |    13 |       |       ||   122
       Kite shield       |       |       |       |   243 |   490 |       ||   733
       Tower shield      |       |       |       |       |   125 |   284 ||   409
       Reflection        |       |       |       |       |     3 |     6 ||     9

Table legend: (Time is in decaauts)
 A = Elapsed time spent in this place.
 B = Non-inter-level travel time spent in this place.
 C = Inter-level travel time spent in this place.
 D = Time resting spent in this place.
 E = Time spent auto-exploring this place.
 F = Levels seen in this place.
 G = Mean time per level.
                   A        B        C        D        E       F      G
               +--------+--------+--------+--------+--------+-----+--------+
         Total |  32381 |  30847 |   1534 |   4085 |  21742 |  31 | 1044.5 |
       Dungeon |  14642 |  13780 |    862 |    548 |  11212 |  15 |  976.1 |
          Lair |   8303 |   7897 |    406 |   1347 |   5392 |   6 | 1383.8 |
         Swamp |   3796 |   3696 |    100 |   1330 |   1830 |   4 |  949.0 |
  Orcish Mines |   1482 |   1316 |    166 |    183 |    933 |   2 |  741.0 |
         Sewer |    622 |    622 |      0 |     37 |    203 |   1 |  622.0 |
       Ossuary |    900 |    900 |      0 |     38 |    610 |   1 |  900.0 |
        Bailey |   1396 |   1396 |      0 |    367 |    800 |   1 | 1396.0 |
      Ice Cave |   1236 |   1236 |      0 |    233 |    761 |   1 | 1236.0 |
               +--------+--------+--------+--------+--------+-----+--------+

Top non-repeatable levels by time:
  Lair:6: 2727 daAuts
  Lair:2: 1853 daAuts
 Swamp:1: 1414 daAuts
  Bailey: 1396 daAuts
     D:5: 1340 daAuts
    D:10: 1262 daAuts
   IceCv: 1236 daAuts
  Lair:3: 1207 daAuts
    D:13: 1163 daAuts
     D:2: 1161 daAuts
     D:6: 1160 daAuts
     D:9: 1089 daAuts
     D:4: 1050 daAuts
     D:7: 1009 daAuts
 Swamp:3: 1006 daAuts
